MID
HARTFORD YARD GOATS @ AUGUSTA GREENJACKETS
04/20/2048
 
TOP OF THE 1ST
Hartford Yard Goats batting - Pitching for Augusta GreenJackets : RHP Tony Nateras
Pitching: RHP Tony Nateras
Batting: RHB Matviy Oliynyk 0-0: Called Strike
0-1: Ball
1-1: Swinging Strike
1-2: Ball
2-2: Fly out, F8 (Line Drive, 8RD, EV 103.8 MPH)
Batting: LHB Daniel Green 0-0: Foul Ball, location: 2F
0-1: Ball
1-1: Foul Ball, location: 2F
1-2: Foul Ball, location: 2F
1-2: Foul Ball, location: 2F
1-2: Foul Ball, location: 2F
1-2: Foul Ball, location: 2F
1-2: Ground out 4-3 (Groundball, 4, EV 86.2 MPH)
Batting: RHB T.J. Williams 0-0: Called Strike
0-1: Ball
1-1: Ball
2-1: Swinging Strike
2-2: Foul Ball, location: 2F
2-2: SINGLE (Line Drive, 89S, EV 86.2 MPH)
Batting: SHB Ken Griffey IV 0-0: Ball
1-0: Ball
2-0: Called Strike
2-1: Foul Ball, location: 2F
2-2: Strikes out swinging
Top of the 1st over - 0 runs, 1 hit, 0 errors, 1 left on base; Hartford 0 - Augusta 0
BOTTOM OF THE 1ST
Augusta GreenJackets batting - Pitching for Hartford Yard Goats : LHP Juan Rivera
Pitching: LHP Juan Rivera
Batting: RHB Vinny Torres 0-0: Ground out 4-3 (Groundball, 4, EV 78.1 MPH)
Batting: RHB Tony Harper 0-0: Called Strike
0-1: Foul Ball, location: 2F
0-2: Strikes out looking
Batting: RHB Zach Maguire 0-0: Called Strike
0-1: Ball
1-1: Swinging Strike
1-2: Ball
2-2: Strikes out looking
Bottom of the 1st over - 0 runs, 0 hits, 0 errors, 0 left on base; Hartford 0 - Augusta 0
TOP OF THE 2ND
Hartford Yard Goats batting - Pitching for Augusta GreenJackets : RHP Tony Nateras
Batting: LHB Jason Ryan 0-0: Called Strike
0-1: Ball
1-1: SINGLE (Groundball, 56S, EV 70.6 MPH) (infield hit)
Batting: LHB Harry Folsom 0-0: Ball
1-0: Called Strike
1-1: Swinging Strike
1-2: Ball
2-2: Strikes out swinging
Batting: RHB Juan Gallardo 0-0: Ball
1-0: Ball
2-0: Called Strike
2-1: Ball
3-1: Base on Balls
Jason Ryan to second
Batting: RHB Yamashita Yagi 0-0: Ball
1-0: Foul Ball, location: 2F
1-1: Swinging Strike
1-2: Foul Ball, location: 2F
1-2: Ball
2-2: Foul Ball, location: 2F
2-2: Ball
3-2: Foul Ball, location: 2F
3-2: Foul Ball, location: 2F
3-2: Foul Ball, location: 2F
3-2: Foul Ball, location: 2F
3-2: Base on Balls
Jason Ryan to third
Juan Gallardo to second
Batting: RHB Bob Hayes 0-0: Fly out, F9 (Flyball, 89S, EV 89.4 MPH)
Batting: RHB Matviy Oliynyk 0-0: Ball
1-0: Ball
2-0: SINGLE (Groundball, 6M, EV 103.1 MPH) (infield hit)
Jason Ryan scores
Juan Gallardo to third
Yamashita Yagi to second
Batting: LHB Daniel Green 0-0: Ball
1-0: Ball
2-0: Ball
3-0: Base on Balls
Juan Gallardo scores
Yamashita Yagi to third
Matviy Oliynyk to second
Batting: RHB T.J. Williams 0-0: SINGLE (Line Drive, 56, EV 96.2 MPH)
Yamashita Yagi scores
Matviy Oliynyk to third
Daniel Green to second
Runner from 3rd tries for Home, SAFE, throw by LF to home
Batting: SHB Ken Griffey IV 0-0: Ball
1-0: Called Strike
1-1: Ball
2-1: Foul Ball, location: 2F
2-2: Ball
3-2: Base on Balls
Daniel Green to third
T.J. Williams to second
Batting: LHB Jason Ryan 0-0: Called Strike
0-1: Ball
1-1: Ball
2-1: TRIPLE (Line Drive, 7D, EV 109.4 MPH)
Daniel Green scores
T.J. Williams scores
Ken Griffey IV scores
Pitching: RHP Tucker Perillo
Batting: LHB Harry Folsom 0-0: Fly out, F8 (Flyball, 8LD, EV 84.4 MPH)
Top of the 2nd over - 7 runs, 4 hits, 0 errors, 1 left on base; Hartford 7 - Augusta 0
BOTTOM OF THE 2ND
Augusta GreenJackets batting - Pitching for Hartford Yard Goats : LHP Juan Rivera
Batting: LHB Mike Roberts 0-0: Ball
1-0: Called Strike
1-1: Ball
2-1: Foul Ball, location: 2F
2-2: Ball
3-2: Foul Ball, location: 2F
3-2: Foul Ball, location: 2F
3-2: Foul Ball, location: 2F
3-2: Hit by Pitch
Batting: RHB Ryan Roberts 0-0: Grounds into double play, 5-4-3 (Groundball, 56, EV 88.8 MPH)
Batting: LHB Oscar Tamayo 0-0: Called Strike
0-1: Ball
1-1: Ball
2-1: Called Strike
2-2: Ground out U3 (Groundball, 3, EV 90.0 MPH)
Bottom of the 2nd over - 0 runs, 0 hits, 0 errors, 0 left on base; Hartford 7 - Augusta 0
TOP OF THE 3RD
Hartford Yard Goats batting - Pitching for Augusta GreenJackets : RHP Tucker Perillo
Batting: RHB Juan Gallardo 0-0: Called Strike
0-1: Swinging Strike
0-2: Ball
1-2: Foul Ball, location: 2F
1-2: Ground out 5-3 (Groundball, 5, EV 98.8 MPH)
Batting: RHB Yamashita Yagi 0-0: Ball
1-0: Foul Ball, location: 2F
1-1: Called Strike
1-2: Ball
2-2: Foul Ball, location: 2F
2-2: Ball
3-2: Strikes out swinging
Batting: RHB Bob Hayes 0-0: Called Strike
0-1: Foul Ball, location: 2F
0-2: Ball
1-2: SINGLE (Flyball, 7S, EV 91.2 MPH)
Batting: RHB Matviy Oliynyk 0-0: Ball
1-0: Ball
2-0: Foul Ball, location: 2F
2-1: Fielders Choice at 2nd, 6-4 (Groundball, 6, EV 87.5 MPH)
Top of the 3rd over - 0 runs, 1 hit, 0 errors, 1 left on base; Hartford 7 - Augusta 0
BOTTOM OF THE 3RD
Augusta GreenJackets batting - Pitching for Hartford Yard Goats : LHP Juan Rivera
Batting: RHB Jaime Rios 0-0: Foul Ball, location: 2F
0-1: Ball
1-1: Ground out 6-3 (Groundball, 6, EV 78.8 MPH)
Batting: RHB Chris Kulik 0-0: Ground out 5-3 (Groundball, 56, EV 98.8 MPH)
Batting: RHB Noe Oliva 0-0: Fly out, F7 (Flyball, 7LM, EV 80.0 MPH)
Bottom of the 3rd over - 0 runs, 0 hits, 0 errors, 0 left on base; Hartford 7 - Augusta 0
TOP OF THE 4TH
Hartford Yard Goats batting - Pitching for Augusta GreenJackets : RHP Tucker Perillo
Batting: LHB Daniel Green 0-0: Ball
1-0: Foul Ball, location: 2F
1-1: Foul Ball, location: 2F
1-2: Ball
2-2: Ground out 4-3 (Groundball, 4, EV 86.9 MPH)
Batting: RHB T.J. Williams 0-0: Ball
1-0: Foul Ball, location: 2F
1-1: Foul Ball, location: 2F
1-2: Ball
2-2: Ball
3-2: Strikes out swinging
Batting: SHB Ken Griffey IV 0-0: Called Strike
0-1: Swinging Strike
0-2: Ball
1-2: Ball
2-2: Strikes out swinging
Top of the 4th over - 0 runs, 0 hits, 0 errors, 0 left on base; Hartford 7 - Augusta 0
BOTTOM OF THE 4TH
Augusta GreenJackets batting - Pitching for Hartford Yard Goats : LHP Juan Rivera
Batting: RHB Vinny Torres 0-0: Ball
1-0: Foul Ball, location: 2F
1-1: Foul Ball, location: 2F
1-2: Ball
2-2: Foul Ball, location: 2F
2-2: Ball
3-2: Foul Ball, location: 2F
3-2: Foul Ball, location: 2F
3-2: Strikes out looking
Batting: RHB Tony Harper 0-0: Ball
1-0: Ground out 5-3 (Groundball, 56S, EV 88.1 MPH)
Batting: RHB Zach Maguire 0-0: Called Strike
0-1: Fly out, F6 (Popup, P, EV 81.2 MPH)
Bottom of the 4th over - 0 runs, 0 hits, 0 errors, 0 left on base; Hartford 7 - Augusta 0
TOP OF THE 5TH
Hartford Yard Goats batting - Pitching for Augusta GreenJackets : RHP Tucker Perillo
Batting: LHB Jason Ryan 0-0: Ball
1-0: Ball
2-0: Ball
3-0: Base on Balls
Batting: LHB Harry Folsom 0-0: Grounds into double play, 4-6-3 (Groundball, 34D, EV 100.0 MPH)
Batting: RHB Juan Gallardo 0-0: Ball
1-0: Ball
2-0: SINGLE (Groundball, 6M, EV 112.5 MPH) (infield hit)
Pitching: RHP Danny MacKinnon
Batting: RHB Yamashita Yagi 0-0: Called Strike
0-1: Called Strike
0-2: Ball
1-2: Strikes out looking
Top of the 5th over - 0 runs, 1 hit, 0 errors, 1 left on base; Hartford 7 - Augusta 0
BOTTOM OF THE 5TH
Augusta GreenJackets batting - Pitching for Hartford Yard Goats : LHP Juan Rivera
Batting: LHB Mike Roberts 0-0: Ball
1-0: Foul Ball, location: 2F
1-1: Fly out, F5 (Popup, 6S, EV 71.9 MPH)
Batting: RHB Ryan Roberts 0-0: Foul Ball, location: 2F
0-1: Foul Ball, location: 2F
0-2: Ball
1-2: Ball
2-2: Strikes out swinging
Batting: LHB Oscar Tamayo 0-0: Ball
1-0: Ball
2-0: Foul Ball, location: 2F
2-1: Foul Ball, location: 2F
2-2: Foul Ball, location: 2F
2-2: Ball
3-2: Strikes out swinging
Bottom of the 5th over - 0 runs, 0 hits, 0 errors, 0 left on base; Hartford 7 - Augusta 0
TOP OF THE 6TH
Hartford Yard Goats batting - Pitching for Augusta GreenJackets : RHP Danny MacKinnon
Batting: RHB Bob Hayes 0-0: SINGLE (Groundball, 4MD, EV 98.1 MPH)
Batting: RHB Matviy Oliynyk 0-0: Ball
1-0: Ball
2-0: Called Strike
2-1: Ball
3-1: Foul Ball, location: 2F
3-2: Grounds into double play, 5-4-3 (Groundball, 5, EV 79.4 MPH)
Batting: LHB Daniel Green 0-0: Ball
1-0: Called Strike
1-1: DOUBLE (Groundball, 3L, EV 103.1 MPH)
Batting: RHB T.J. Williams 0-0: Foul Ball, location: 2F
0-1: Swinging Strike
0-2: Foul Ball, location: 2F
0-2: DOUBLE (Flyball, 89D, EV 102.5 MPH)
Daniel Green scores
Batting: SHB Ken Griffey IV 0-0: Ball
1-0: Ball
2-0: DOUBLE (Line Drive, 7LS, EV 95.0 MPH)
T.J. Williams scores
Batting: LHB Jason Ryan 0-0: Ball
1-0: Swinging Strike
1-1: Called Strike
1-2: SINGLE (Groundball, 4MS, EV 68.1 MPH) (infield hit)
Ken Griffey IV to third
Batting: LHB Harry Folsom 0-0: Ball
1-0: Fielders Choice at 2nd, 6-4 (Groundball, 6, EV 85.0 MPH)
Top of the 6th over - 2 runs, 5 hits, 0 errors, 2 left on base; Hartford 9 - Augusta 0
BOTTOM OF THE 6TH
Augusta GreenJackets batting - Pitching for Hartford Yard Goats : LHP Juan Rivera
Batting: RHB Jaime Rios 0-0: Called Strike
0-1: Ball
1-1: Ground out 3-1 (Groundball, 34S, EV 83.1 MPH)
Batting: RHB Chris Kulik 0-0: Called Strike
0-1: Ball
1-1: Swinging Strike
1-2: Ball
2-2: Foul Ball, location: 2F
2-2: Foul Ball, location: 2F
2-2: Strikes out swinging
Batting: RHB Noe Oliva 0-0: Called Strike
0-1: Called Strike
0-2: Ball
1-2: Strikes out swinging
Bottom of the 6th over - 0 runs, 0 hits, 0 errors, 0 left on base; Hartford 9 - Augusta 0
TOP OF THE 7TH
Hartford Yard Goats batting - Pitching for Augusta GreenJackets : RHP Danny MacKinnon
Batting: RHB Juan Gallardo 0-0: Foul Ball, location: 2F
0-1: Ball
1-1: Swinging Strike
1-2: Foul Ball, location: 2F
1-2: Strikes out looking
Batting: RHB Yamashita Yagi 0-0: Called Strike
0-1: Swinging Strike
0-2: Fly out, F8 (Flyball, 8LS, EV 80.0 MPH)
Batting: RHB Bob Hayes 0-0: Ground out 6-3 (Groundball, 6, EV 83.8 MPH)
Top of the 7th over - 0 runs, 0 hits, 0 errors, 0 left on base; Hartford 9 - Augusta 0
BOTTOM OF THE 7TH
Augusta GreenJackets batting - Pitching for Hartford Yard Goats : LHP Juan Rivera
Batting: RHB Vinny Torres 0-0: Ball
1-0: Swinging Strike
1-1: Foul Ball, location: 2F
1-2: Strikes out swinging
Batting: RHB Tony Harper 0-0: Ball
1-0: SINGLE (Line Drive, 89S, EV 86.9 MPH)
Pitching: RHP Lorenzo Pacheco
Batting: RHB Zach Maguire 0-0: Ball
1-0: Ball
2-0: Ball
3-0: Base on Balls
Tony Harper to second
Batting: LHB Mike Roberts 0-0: Foul Ball, location: 2F
0-1: Ball
1-1: Ball
2-1: Foul Ball, location: 2F
2-2: Foul Ball, location: 2F
2-2: Ball
3-2: Base on Balls
Tony Harper to third
Zach Maguire to second
Batting: RHB Ryan Roberts 0-0: Called Strike
0-1: Foul Ball, location: 2F
0-2: Ball
1-2: Ball
2-2: Foul Ball, location: 2F
2-2: Foul Ball, location: 2F
Balk!
Tony Harper scores
Zach Maguire to third
Mike Roberts to second
2-2: Strikes out swinging
Batting: LHB Oscar Tamayo 0-0: DOUBLE (Flyball, 89D, EV 96.2 MPH)
Zach Maguire scores
Mike Roberts scores
Batting: RHB Jaime Rios 0-0: Called Strike
0-1: Swinging Strike
0-2: Strikes out swinging
Bottom of the 7th over - 3 runs, 2 hits, 0 errors, 1 left on base; Hartford 9 - Augusta 3
TOP OF THE 8TH
Hartford Yard Goats batting - Pitching for Augusta GreenJackets : RHP Danny MacKinnon
Batting: RHB Matviy Oliynyk 0-0: Called Strike
0-1: Called Strike
0-2: Foul Ball, location: 2F
0-2: Strikes out looking
Batting: LHB Daniel Green 0-0: Ball
1-0: Ball
2-0: Ball
3-0: Called Strike
3-1: Base on Balls
Pitching: RHP Chance Robinson
Batting: RHB T.J. Williams 0-0: Called Strike
0-1: Ball
1-1: Called Strike
1-2: Foul Ball, location: 2F
1-2: Foul Ball, location: 2F
1-2: Ball
Daniel Green is caught stealing 2nd base 2-4
2-2: Ball
3-2: Base on Balls
Batting: SHB Ken Griffey IV 0-0: Fly out, F8 (Flyball, 8RD, EV 90.0 MPH)
Top of the 8th over - 0 runs, 0 hits, 0 errors, 1 left on base; Hartford 9 - Augusta 3
BOTTOM OF THE 8TH
Augusta GreenJackets batting - Pitching for Hartford Yard Goats : RHP Lorenzo Pacheco
Batting: RHB Chris Kulik 0-0: Called Strike
0-1: Ball
1-1: Foul Ball, location: 2F
1-2: Foul Ball, location: 2F
1-2: Ball
2-2: Ball
3-2: Ground out 6-3 (Groundball, 6, EV 86.9 MPH)
Batting: RHB Noe Oliva 0-0: Called Strike
0-1: Ball
1-1: Ball
2-1: Called Strike
2-2: Foul Ball, location: 2F
2-2: Foul Ball, location: 2F
2-2: SINGLE (Line Drive, 4MD, EV 96.2 MPH)
Pitching: RHP Ricardo Roman
Batting: RHB Vinny Torres 0-0: Called Strike
0-1: Ball
1-1: Grounds into double play, 6-4-3 (Groundball, 6, EV 106.2 MPH)
Bottom of the 8th over - 0 runs, 1 hit, 0 errors, 0 left on base; Hartford 9 - Augusta 3
TOP OF THE 9TH
Hartford Yard Goats batting - Pitching for Augusta GreenJackets : RHP Chance Robinson
Pitching: RHP Sam Drews
Batting: LHB Jason Ryan 0-0: Ball
1-0: Ball
2-0: Foul Ball, location: 2F
2-1: Swinging Strike
2-2: Ball
3-2: Foul Ball, location: 2F
3-2: Foul Ball, location: 2F
3-2: Strikes out swinging
Batting: LHB Harry Folsom 0-0: SINGLE (Groundball, 5S, EV 73.1 MPH) (infield hit)
Batting: RHB Juan Gallardo 0-0: Called Strike
0-1: Swinging Strike
0-2: Strikes out swinging
Batting: RHB Yamashita Yagi 0-0: Ball
1-0: Called Strike
Harry Folsom steals 2nd base
1-1: Ball
2-1: Foul Ball, location: 2F
2-2: Strikes out swinging
Top of the 9th over - 0 runs, 1 hit, 0 errors, 1 left on base; Hartford 9 - Augusta 3
BOTTOM OF THE 9TH
Augusta GreenJackets batting - Pitching for Hartford Yard Goats : RHP Ricardo Roman
Batting: RHB Tony Harper 0-0: Foul Ball, location: 2F
0-1: Foul Ball, location: 2F
0-2: Foul Ball, location: 2F
0-2: Ball
1-2: Ground out 5-3 (Groundball, 56S, EV 90.6 MPH)
Batting: RHB Zach Maguire 0-0: Foul Ball, location: 2F
0-1: Swinging Strike
0-2: Foul Ball, location: 2F
0-2: Fly out, F9 (Line Drive, 9, EV 88.1 MPH)
Batting: LHB Mike Roberts 0-0: Called Strike
0-1: Ground out 5-3 (Groundball, 6, EV 85.0 MPH)
Bottom of the 9th over - 0 runs, 0 hits, 0 errors, 0 left on base; Hartford 9 - Augusta 3
Tuesday, March 28th , 2023 - OOTP Baseball 23.10 Build 110